Map: Simulacrum LE

Players

Solar

  • Race: Terran Terran
  • League: Gold
  • Spawn Location: 5:00

SarkyPad - Winner!

  • Race: Terran Terran
  • League: Gold
  • Spawn Location: 11:00

VOD

Have the link to the VOD?

Description

Time

  • Played on: Feb. 9, 2020, 5:49 a.m.
  • Length: 36:53
Show
View Real Time Build Order
Export as new Build Order

Solar Terran 

Build Orders: Mech 

Get SALT Encoding   

  12  0:02  SCV  
  14  0:14  SCV  
  14  0:26  SCV  
  15  0:30  Supply Depot  
  15  0:50  Supply Depot  
  15  0:51  SCV  
  15  0:55  Barracks  
  16  1:01  Refinery  
  16  1:04  SCV  
  17  1:16  SCV  
  18  1:24  Supply Depot  
  18  1:28  SCV  
  19  1:40  SCV  
  20  1:52  SCV, Barracks Tech Lab  
  21  2:04  SCV  
  21  2:06  Command Center  
  22  2:13  Bunker  
  24  2:15  Marauder  
  24  2:31  Orbital Command  
  24  2:37  Marauder  
  26  2:51  Factory  
  26  2:57  Refinery, Marine  
  27  3:12  Concussive Shells  
  27  3:15  Engineering Bay, Marine  
  27  3:16  SCV  
  29  3:27  SCV  
  29  3:28  SCV  
  29  3:33  Marine  
  32  3:38  Factory Tech Lab  
  32  3:39  SCV  
  32  3:40  SCV  
  34  3:51  SCV  
  34  3:54  Starport  
  35  4:02  Missile Turret  
  35  4:03  SCV  
  35  4:05  Missile Turret  
  36  4:13  Missile Turret  
  36  4:15  SCV  
  36  4:16  Siege Tank  
  40  4:27  SCV  
  41  4:34  Starport Reactor  
  41  4:39  SCV  
  42  4:51  SCV  
  43  5:03  Refinery x2  
  43  5:04  SCV  
  44  5:16  SCV  
  44  5:18  Siege Tank  
  48  5:23  Bunker  
  48  5:26  Viking x2  
  48  5:28  SCV  
  53  5:38  Supply Depot  
  53  5:39  Supply Depot  
  53  5:40  SCV  
  54  6:00  Viking x2, SCV  
  59  6:04  Command Center  
  59  6:11  Supply Depot  
  59  6:12  SCV  
  59  6:15  Hi-Sec Auto Tracking  
  60  6:24  SCV  
  61  6:30  Viking  
  61  6:32  Factory  
  63  6:33  Factory  
  63  6:34  Supply Depot  
  63  6:36  SCV  
  64  6:46  Starport  
  64  6:47  Starport  
  64  6:48  Armory  
  64  6:51  Missile Turret  
  64  6:54  SCV  
  64  6:57  Supply Depot  
  65  7:06  SCV  
  66  7:12  Neosteel Armor  
  66  7:18  SCV  
  66  7:20  Supply Depot, Command Center  
  67  7:25  Factory Tech Lab x2  
  67  7:30  SCV  
  69  7:42  SCV  
  63  8:20  Planetary Fortress  
  62  8:39  Starport Tech Lab  
  62  8:40  Starport Tech Lab  
  62  8:46  Siege Tank  
  65  8:51  Siege Tank x2  
  71  8:58  Planetary Fortress  
  71  9:04  Missile Turret  
  71  9:09  Cloaking Field  
  71  9:18  Siege Tank  
  71  9:23  Siege Tank x2  
  79  9:25  Missile Turret  
  79  9:45  Missile Turret  
  79  9:50  Siege Tank  
  79  9:51  SCV  
  80  10:03  SCV  
  80  10:05  Missile Turret  
  79  10:15  SCV  
  72  10:23  Banshee  
  72  10:24  Banshee  
  72  10:28  SCV  
  79  10:33  Thor x3  
  97  10:38  Refinery  
  97  10:40  SCV  
  98  10:43  Refinery  
  98  10:56  Hyperflight Rotors  
  98  11:06  Banshee  
  98  11:07  Banshee  
  104  11:18  SCV  
  105  11:30  SCV  
  106  11:43  SCV  
  107  11:49  Banshee x2  
  107  11:52  Starport x2  
  113  11:55  SCV  
  114  12:02  Missile Turret  
  114  12:07  SCV  
  97  12:29  Viking x2  
  80  12:30  Viking x2  
  80  12:32  Banshee x2  
  87  12:39  Thor x2  
  99  12:47  Command Center  
  93  12:59  Viking  
  93  13:01  Refinery  
  95  13:06  Starport Tech Lab x2  
  95  13:08  Refinery  
  95  13:15  Banshee  
  95  13:19  Terran Ship Weapons Level 1  
  98  13:41  Starport Tech Lab  
  98  13:42  Fusion Core  
  93  14:16  Planetary Fortress  
  87  14:41  Battlecruiser x4  
  87  14:42  Battlecruiser  
  87  14:43  Sensor Tower  
  117  15:04  Missile Turret  
  117  15:30  Missile Turret, Siege Tank  
  117  15:31  Siege Tank x2  
  117  15:33  Planetary Fortress  
  126  15:42  Command Center  
  119  15:59  Refinery  
  119  16:03  Siege Tank x2  
  125  16:27  Siege Tank  
  113  16:35  Siege Tank  
  95  17:03  Bunker  
  95  17:10  Refinery  
  95  17:26  Planetary Fortress  
  95  17:32  Battlecruiser x2  
  95  17:34  Bunker  
  107  17:58  Refinery  
  107  18:00  Command Center  
  107  18:03  Refinery  
  107  18:18  Command Center  
  107  18:20  Siege Tank x2  
  107  18:21  Siege Tank  
  108  18:52  Siege Tank  
  66  19:20  Command Center  
  66  19:26  Battlecruiser x3  
  83  20:48  Command Center  
  83  20:49  Command Center  
  83  20:51  Thor  
  89  20:57  Command Center  
  89  21:14  Viking x5  
  99  21:37  Weapon Refit  
  99  22:04  Planetary Fortress  
  99  22:08  Bunker  
  93  22:10  Bunker  
  93  22:11  Bunker  
  93  22:13  Orbital Command  
  93  22:14  Orbital Command  
  93  22:38  Thor  
  99  22:58  SCV x2  
  101  23:10  SCV x2  
  103  23:20  Refinery  
  103  23:22  SCV x2  
  103  23:23  SCV  
  106  23:34  SCV  
  106  23:35  SCV x2  
  109  23:42  Missile Turret  
  109  23:45  Missile Turret  
  109  23:46  SCV, Missile Turret  
  109  23:47  SCV  
  111  23:49  Missile Turret  
  111  23:58  SCV  
  111  23:59  Terran Ship Weapons Level 2  
  112  24:06  Battlecruiser  
  112  24:08  Missile Turret  
  118  24:10  SCV, Missile Turret  
  119  24:21  Missile Turret  
  119  24:22  Command Center  
  119  24:38  Smart Servos  
  119  24:41  Thor x2  
  131  25:21  Missile Turret  
  131  25:26  Thor x2  
  143  25:51  Planetary Fortress  
  143  26:19  Missile Turret  
  143  26:39  Missile Turret  
  143  26:42  Refinery  
  143  27:00  Missile Turret  
  125  27:23  Missile Turret  
  125  27:47  Refinery  
  125  28:02  Battlecruiser  
  125  28:03  Battlecruiser x4  
  155  28:08  Terran Ship Weapons Level 3, Bunker  
  86  28:56  Thor  
  86  28:57  Thor x2  
  101  29:40  Widow Mine x2, Siege Tank  
  108  30:01  Siege Tank x2  
  90  30:29  Battlecruiser x2  
  96  30:55  Thor  
  102  30:57  Command Center  
  102  31:01  Viking  
  102  31:02  Viking  
  101  32:03  Thor x2  
  47  33:20  Thor x2  
  47  33:22  Orbital Command  
  59  33:57  Command Center x2  
  59  33:58  Banshee x2  
  65  34:27  Widow Mine x3  
  71  34:32  Refinery  
  71  34:48  Widow Mine x3  
  71  34:51  Refinery  
  77  35:00  Bunker  
  65  35:09  Siege Tank  
  65  35:10  Bunker  
  65  35:11  Bunker  
  24  35:27  Thor  
  21  35:42  SCV  
  17  35:54  SCV  
  18  36:06  SCV  
Show
View Real Time Build Order
Export as new Build Order

SarkyPad Terran - Winner!

Build Orders:  

Get SALT Encoding   

  12  0:09  SCV  
  13  0:21  SCV  
  14  0:23  Refinery  
  14  0:33  SCV  
  14  0:35  Supply Depot  
  15  0:45  Engineering Bay  
  15  0:56  SCV  
  16  0:58  Barracks  
  16  1:08  SCV  
  17  1:19  Refinery  
  17  1:20  SCV  
  18  1:33  SCV  
  19  1:45  Orbital Command  
  19  1:46  Supply Depot, Marine  
  20  1:50  Terran Infantry Weapons Level 1  
  20  2:04  Marine  
  21  2:25  Command Center  
  21  2:30  Marine  
  21  2:33  SCV  
  23  2:46  SCV  
  23  2:48  Marine  
  25  3:01  Factory  
  25  3:05  Barracks  
  25  3:06  Marine  
  26  3:17  SCV  
  27  3:23  Supply Depot  
  27  3:24  Marine  
  28  3:38  Orbital Command  
  28  3:47  Barracks Reactor  
  28  3:48  Barracks  
  28  3:49  Factory Tech Lab  
  28  3:53  Barracks Reactor  
  28  3:59  Starport  
  28  4:01  SCV  
  29  4:08  Refinery  
  29  4:12  SCV  
  29  4:13  SCV  
  31  4:24  SCV  
  31  4:25  Armory  
  31  4:29  Supply Depot  
  32  4:36  Missile Turret  
  32  4:40  Barracks Tech Lab  
  34  4:47  Starport Reactor  
  34  4:51  Marine  
  34  4:52  Marine x3  
  36  4:57  Missile Turret  
  36  5:01  SCV x2  
  38  5:08  Siege Tank  
  38  5:14  Bunker  
  41  5:23  SCV  
  41  5:24  SCV  
  43  5:32  Marine x2  
  43  5:33  Supply Depot  
  45  5:36  SCV  
  45  5:37  SCV  
  45  5:40  Siege Tank  
  50  5:48  SCV  
  51  5:54  SCV  
  51  5:56  Missile Turret  
  52  5:59  Supply Depot  
  52  6:00  SCV, Marine x3  
  52  6:01  Marine  
  58  6:05  Marauder  
  58  6:07  SCV  
  60  6:12  SCV  
  60  6:18  Marine x4  
  61  6:19  SCV  
  61  6:23  Missile Turret  
  66  6:26  Missile Turret  
  66  6:27  Marauder  
  66  6:30  SCV  
  66  6:31  SCV  
  70  6:36  Marine  
  71  6:40  Refinery  
  71  6:42  SCV  
  71  6:43  SCV, Sensor Tower  
  71  6:44  Terran Vehicle Weapons Level 1  
  73  6:48  Marauder  
  73  6:49  Combat Shield  
  73  6:51  Terran Infantry Armor Level 1  
  75  7:05  Marine x3  
  78  7:39  Marine  
  78  7:55  Medivac, Marine  
  77  8:01  Marine  
  78  8:22  Stimpack  
  78  8:25  Supply Depot  
  78  8:30  Medivac x2, Marine x4, Siege Tank  
  78  8:31  Marauder  
  87  8:45  Terran Infantry Weapons Level 2  
  87  8:47  Marine x4  
  87  8:48  Supply Depot  
  91  8:52  Marauder  
  93  9:00  Medivac x2  
  100  9:02  Siege Tank  
  100  9:05  Marine x2  
  100  9:06  Command Center  
  100  9:09  Marine x2  
  104  9:13  Marauder  
  104  9:23  Marine x2  
  96  9:27  Marine x2  
  96  9:30  Medivac x2  
  102  9:32  Barracks  
  102  9:35  SCV x2  
  102  9:37  Supply Depot  
  106  9:41  Marine x2  
  106  9:45  Marine x2  
  110  9:49  SCV x2  
  110  9:59  Marine x2  
  112  10:00  Supply Depot  
  112  10:01  SCV x2  
  112  10:03  Marine  
  115  10:07  Barracks  
  115  10:14  SCV x2  
  114  10:19  Barracks  
  111  10:22  Supply Depot  
  111  10:26  Barracks Reactor x2  
  111  10:32  Orbital Command  
  111  10:40  Marine x3  
  111  10:41  Marine  
  115  10:58  Marine  
  115  11:00  Marine x3  
  120  11:06  Marine  
  120  11:07  Marine  
  120  11:08  Supply Depot  
  120  11:11  Barracks Reactor  
  121  11:16  Marine  
  121  11:18  Starport, Marine x2  
  124  11:27  SCV x3  
  124  11:31  Supply Depot  
  127  11:34  Refinery  
  127  11:36  Refinery  
  127  11:39  SCV x3, Sensor Tower  
  130  11:43  Marine x6  
  136  11:51  SCV x2  
  138  11:55  Thor  
  138  12:00  Marine  
  138  12:01  Terran Vehicle Weapons Level 2, Marine x5  
  149  12:09  Marine  
  149  12:10  Marine  
  151  12:18  Marine  
  151  12:19  Marine x5  
  134  12:27  Marine x2  
  110  12:36  Marine  
  110  12:37  Marine x5, Thor  
  118  12:45  Marine x2  
  119  12:54  Marine x5  
  124  13:08  Marine x3  
  124  13:12  Marine x5  
  128  13:13  Barracks  
  128  13:15  Barracks  
  128  13:16  Barracks  
  132  13:20  Thor  
  132  13:25  Marine  
  132  13:26  Marine x2  
  141  13:29  Marine  
  141  13:30  Marine x4  
  146  13:43  Marine  
  146  13:44  Marine x2  
  146  13:47  Marine  
  146  13:48  Marine x4  
  154  14:01  Marine  
  154  14:02  Marine x2  
  147  14:03  Thor  
  147  14:05  Marine  
  147  14:06  Marine x4  
  142  14:17  Terran Vehicle And Ship Armor Level 1  
  142  14:19  Marine x3  
  142  14:23  Barracks Reactor, Marine x3  
  142  14:24  Barracks Reactor, Marine x2  
  149  14:26  Barracks Reactor  
  147  14:37  Medivac x2, Marine x3  
  154  14:41  Marine x5  
  159  14:46  Thor  
  165  15:08  Marine  
  165  15:23  Medivac x2, Marine x13  
  165  15:24  Sensor Tower  
  165  15:26  Marine  
  165  15:28  Engineering Bay, Command Center  
  183  15:29  Widow Mine  
  183  15:33  Refinery  
  185  15:41  Marine x13  
  198  15:44  Marine  
  198  15:46  Refinery  
  177  15:58  Marine x8  
  177  15:59  Marine x5  
  177  16:02  Marine  
  191  16:16  Marine x9  
  151  16:34  Marine x8  
  132  16:40  Marine  
  132  16:42  Marine x5  
  132  16:52  Medivac, Marine x8  
  142  16:58  Barracks Reactor, Marine  
  142  16:59  Marine  
  142  17:00  Marine x4  
  148  17:10  Marine x8  
  156  17:15  Marine  
  156  17:17  Marine  
  156  17:18  Marine x4  
  156  17:22  Medivac  
  164  17:27  Terran Infantry Weapons Level 3, Terran Infantry Armor Level 2, Marine x5  
  164  17:29  Marine  
  170  17:30  Marine  
  170  17:36  Terran Vehicle And Ship Armor Level 2  
  171  17:43  Marine x3  
  174  17:45  Marine  
  174  17:47  Marine  
  174  17:49  Marine  
  177  17:56  Orbital Command  
  177  18:08  Medivac x2  
  181  18:38  Medivac x2  
  177  18:45  Marine x11  
  177  18:46  Marine x5  
  132  19:05  Marine x8  
  132  19:06  Marine x8  
  132  19:08  Medivac x2  
  126  19:23  Marine x14  
  126  19:24  Marine x2  
  142  19:40  Marine  
  142  19:41  Marine x12  
  142  19:44  Command Center, Marine x3  
  158  19:47  Medivac, Supply Depot  
  160  19:58  Marine  
  160  19:59  Marine x8  
  169  20:02  Terran Infantry Armor Level 3  
  169  20:06  Supply Depot  
  169  20:17  Marine  
  169  20:18  Marine x11  
  169  20:19  Medivac x2  
  185  20:21  Marine x4  
  189  20:32  Supply Depot  
  189  20:35  Marine  
  189  20:36  Marine x9  
  199  20:57  Orbital Command  
  198  21:15  Refinery  
  198  21:19  Refinery  
  144  22:09  Marine  
  144  22:10  Marine x13  
  158  22:18  Starport  
  158  22:19  Starport  
  158  22:20  Starport  
  160  22:30  Liberator  
  160  22:31  Liberator  
  160  22:36  Starport Reactor  
  164  22:55  Starport  
  164  23:00  Starport Tech Lab x2  
  164  23:01  Starport Tech Lab  
  164  23:03  Marine  
  164  23:04  Marine x9  
  174  23:13  Liberator x2  
  180  23:36  Cloaking Field  
  180  23:38  Hyperflight Rotors  
  180  23:39  Banshee  
  180  23:40  Banshee x2  
  189  23:44  Sensor Tower  
  189  23:48  Fusion Core  
  189  23:56  Liberator x2  
  195  24:08  Starport Tech Lab  
  195  24:22  Banshee  
  198  25:11  Command Center  
  198  25:12  Refinery  
  198  25:14  Refinery  
  197  26:16  SCV  
  198  26:28  SCV  
  175  27:12  Raven  
  175  27:13  Raven x3  
  183  27:55  Raven  
  183  27:56  Raven x3  
  130  28:38  Raven  
  130  28:39  Raven  
  110  28:41  Marine  
  110  28:42  Marine x15  
  123  28:59  Marine x3  
  123  29:00  Marine x13  
  123  29:17  Marine x10  
  123  29:18  Marine x6  
  128  29:35  Viking, Marine x14  
  128  29:36  Viking x5, Marine x2  
  156  29:52  Marine  
  154  29:53  Marine x13  
  164  30:05  Viking  
  164  30:06  Viking x5  
  152  30:26  Orbital Command  
  150  30:35  Viking  
  150  30:36  Viking x5, Marine  
  150  30:37  Marine x8  
  171  31:10  Terran Vehicle Weapons Level 3  
  171  31:19  Viking, Marine x16  
  171  31:20  Viking x5  
  111  31:37  Marine x16  
  127  31:49  Viking x2  
  127  31:50  Viking  
  133  31:55  Marine x16  
  133  31:57  Refinery  
  133  31:58  Command Center  
  133  32:00  Refinery  
  133  32:01  Supply Depot  
  149  32:02  Supply Depot  
  149  32:03  Supply Depot  
  149  32:04  Supply Depot  
  149  32:05  Supply Depot  
  149  32:06  Supply Depot x2  
  149  32:07  Supply Depot  
  149  32:08  Supply Depot  
  149  32:09  Supply Depot  
  149  32:13  Marine x14  
  163  32:22  Viking x3, Marine x2  
  171  32:23  Viking  
  171  32:28  Supply Depot  
  111  32:50  Marine  
  111  32:51  Marine x9  
  97  32:52  Viking x3  
  97  32:53  Viking  
  101  33:22  Viking x3  
  101  33:23  Viking  
  101  33:24  Marine  
  101  33:25  Marine x7  
  101  33:26  Marine x8  
  125  33:42  Marine x2  
  125  33:43  Marine  
  125  33:44  Marine  
  125  33:45  Marine x9  
  125  33:46  Marine x3  
  141  33:52  Viking x3  
  141  33:53  Viking  
  149  33:57  Command Center  
  149  34:00  Marine x2  
  149  34:01  Marine  
  152  34:06  Refinery  
  152  34:07  Refinery  
  152  34:10  Engineering Bay  
  152  34:18  Orbital Command  
  152  34:35  Marine  
  152  34:38  Viking x6  
  158  35:08  Viking x6  
  162  35:38  Viking  
Tags
 
Composition
Mech
League
GoldGold
Matchup
TvT
Race
Terran
Spawn Locations
Cross Positions
Add a new tag
Caveats
  • Supply blocks, unpowered buildings, or Contaminate may cause inaccurate times.
  • Supply counts are checked every 10 seconds.